AoeStats
← CNZS_98T

Arena

508393955Analyzed
4v4 RM · 9d ago on Sep 22, 2026· 75m 57s· 8 players
Game mode
Random Map
Map size
Large (8 player)
Population
200
Speed
Normal
Resources
Standard
Victory
Conquest
Starting age
Dark Age
Ending age
Imperial Age
RankedLock teamsTeams togetherTeam positionsShared explorationLock speedFull tech treeHidden civsTurbo modeCheats
Victory
Defeat
🇨🇳 Mapuche · China
1944
+21
🇳🇱 Portuguese · Netherlands
1922
+21
🇨🇳 Persians · China
1792
+26
🇺🇸 Mapuche · United States
1763
+26
🇹🇼 Persians · Taiwan
2095
-25
🇹🇼 Spanish · Taiwan
2075
-25
🇹🇼 Burgundians · Taiwan
2040
-24
🇹🇼 Armenians · Taiwan
1937
-20
Deaf Vader
11:12 Feudal Age
15:17 Castle Age
13:33 Double-Bit Axe
13:48 Horse Collar
16:06 Loom
17:38 Bow Saw
23:30 Heavy Plow
26:58 Wheelbarrow
27:11 Forging
31:02 Imperial Age
30:34 Iron Casting
30:19 Hand Cart
30:40 Devotion
31:06 Gold Mining
31:05 Town Watch
32:32 Butalmapu
35:27 Gold Shaft Mining
35:28 Conscription
35:35 Elite Kona
39:30 Malon
39:47 Fletching
40:03 Pikeman
40:54 Scale Mail Armor
41:56 Blast Furnace
40:51 Bodkin Arrow
40:58 Halberdier
42:46 Chain Mail Armor
43:51 Plate Mail Armor
42:53 Elite Skirmisher
43:35 Padded Archer Armor
44:24 Leather Archer Armor
45:55 Ring Archer Armor
46:26 Chemistry
47:08 Coinage
46:38 Caravan
47:06 Ballistics
50:18 Siege Engineers
53:12 Town Watch
54:11 Crop Rotation
54:28 Banking
58:55 Hoardings
58:32 Masonry
66:07 Architecture
CNZS_98T
11:14 Feudal Age
12:31 Double-Bit Axe
14:51 Castle Age
13:11 Horse Collar
16:30 Bow Saw
21:28 Loom
21:53 Town Watch
25:22 Redemption
25:32 Sanctity
26:49 Gold Mining
26:50 Stone Mining
31:08 Imperial Age
30:53 Wheelbarrow
30:20 Devotion
30:26 Fletching
31:48 Stone Shaft Mining
31:37 Ballistics
32:05 Hand Cart
32:14 Conscription
31:46 Pikeman
33:40 Chemistry
32:20 Halberdier
33:52 Scale Mail Armor
34:20 Arquebus
36:01 Chain Mail Armor
36:51 Siege Engineers
37:54 Bodkin Arrow
39:31 Heresy
40:47 Plate Mail Armor
40:27 Forging
43:15 Elite Organ Gun
45:01 Masonry
45:19 Caravan
49:00 Two-Man Saw
48:00 Heavy Plow
47:59 Arson
48:45 Bombard Tower
48:56 Architecture
48:07 Treadmill Crane
48:23 Murder Holes
49:48 Sappers
55:35 Iron Casting
59:05 Guilds
60:13 Bracer
61:14 Blast Furnace
61:23 Town Patrol
64:25 Coinage
71:26 Banking
CNZS_HiFive
10:58 Feudal Age
12:03 Double-Bit Axe
14:20 Castle Age
12:37 Horse Collar
15:07 Bow Saw
22:44 Wheelbarrow
23:16 Gold Mining
24:49 Hand Cart
28:37 Imperial Age
25:54 Loom
26:45 Scale Barding Armor
27:29 Forging
28:00 Gold Shaft Mining
27:47 Chain Barding Armor
27:53 Chain Barding Armor
28:27 Coinage
28:29 Bloodlines
28:19 Husbandry
28:56 Iron Casting
29:33 Banking
28:25 Cavalier
29:42 Plate Barding Armor
29:28 Conscription
30:31 Blast Furnace
29:25 Stone Mining
30:23 Guilds
30:09 Savar
31:04 Devotion
37:02 Faith
38:16 Light Cavalry
39:37 Kamandaran
38:57 Elite Skirmisher
38:58 Crossbowman
39:44 Thumb Ring
39:37 Fletching
39:48 Padded Archer Armor
40:09 Ballistics
40:56 Chemistry
40:43 Pikeman
41:23 Squires
41:09 Gambesons
41:09 Arson
41:26 Scale Mail Armor
41:22 Bodkin Arrow
41:43 Leather Archer Armor
41:32 Halberdier
42:29 Chain Mail Armor
43:30 Plate Mail Armor
44:55 Hussar
51:43 Two-Man Saw
50:44 Heavy Plow
54:02 Ring Archer Armor
53:56 Caravan
58:25 Crop Rotation
61:03 Elite War Elephant
70:23 Citadels
74:14 Masonry
一剑扫秋风nelson
11:34 Feudal Age
15:11 Castle Age
13:36 Double-Bit Axe
13:48 Horse Collar
15:27 Gold Mining
15:48 Fletching
16:01 Heavy Plow
17:51 Bodkin Arrow
18:28 Padded Archer Armor
24:58 Ballistics
29:06 Wheelbarrow
29:01 Loom
32:12 Imperial Age
31:00 Gold Shaft Mining
30:36 Bow Saw
31:01 Pikeman
32:22 Scale Mail Armor
33:09 Malon
34:02 Elite Bolas Rider
36:11 Chemistry
36:08 Hand Cart
36:30 Butalmapu
36:37 Forging
36:36 Town Watch
38:55 Conscription
38:51 Chain Mail Armor
38:52 Leather Archer Armor
39:09 Halberdier
42:10 Iron Casting
43:13 Plate Mail Armor
43:44 Blast Furnace
43:34 Coinage
43:02 Elite Skirmisher
44:25 Ring Archer Armor
46:24 Banking
46:43 Elite Kona
48:54 Caravan
52:11 Town Patrol
65:58 Hoardings
68:31 Capped Ram
71:15 Siege Engineers
71:21 Masonry
嘻嘻哈哈
3:01 Double-Bit Axe
7:18 Loom
7:19 Horse Collar
10:50 Feudal Age
14:26 Castle Age
12:40 Bow Saw
13:11 Heavy Plow
16:01 Wheelbarrow
16:59 Two-Man Saw
19:39 Hand Cart
19:56 Gold Mining
21:00 Gold Mining
22:28 Crop Rotation
22:45 Town Watch
23:37 Scale Barding Armor
23:30 Stone Mining
28:21 Imperial Age
26:51 Gold Shaft Mining
25:42 Cavalier
26:42 Loom
27:22 Chain Barding Armor
27:13 Forging
27:13 Husbandry
28:42 Stone Shaft Mining
28:22 Paladin
30:01 Plate Barding Armor
30:34 Iron Casting
31:24 Scale Mail Armor
32:26 Blast Furnace
32:09 Town Patrol
32:57 Chain Mail Armor
32:03 Pikeman
32:44 Squires
34:20 Plate Mail Armor
34:57 Conscription
34:45 Burgundian Vineyards
34:33 Halberdier
37:08 Chemistry
36:17 Padded Archer Armor
37:25 Leather Archer Armor
39:38 Fletching
40:04 Masonry
40:57 Bodkin Arrow
42:47 Hoardings
42:16 Bracer
42:38 Ballistics
41:59 Treadmill Crane
42:40 Caravan
44:27 Architecture
44:21 Guilds
43:51 Light Cavalry
45:58 Hussar
46:32 Elite Skirmisher
47:36 Murder Holes
55:52 Onager
68:30 Coinage
67:55 Arson
68:58 Capped Ram
72:22 Block Printing
72:18 Redemption
72:28 Sanctity
75:32 Illumination
75:21 Fervor
Rayz
10:50 Feudal Age
11:20 Double-Bit Axe
14:18 Castle Age
12:08 Horse Collar
15:05 Bow Saw
16:03 Wheelbarrow
22:58 Gold Mining
23:34 Loom
23:50 Stone Mining
25:15 Hand Cart
27:03 Town Watch
30:27 Gold Shaft Mining
32:45 Imperial Age
31:20 Stone Shaft Mining
31:26 Scale Barding Armor
32:28 Chain Barding Armor
34:04 Two-Man Saw
33:05 Heavy Plow
32:32 Elite War Elephant
33:33 Conscription
33:54 Plate Barding Armor
33:58 Forging
35:00 Bloodlines
34:50 Husbandry
35:31 Masonry
36:01 Iron Casting
36:03 Coinage
38:33 Blast Furnace
38:54 Banking
39:58 Guilds
41:15 Caravan
76:11 Citadels
ANKR.Navvy
9:23 Feudal Age
10:18 Loom
13:12 Castle Age
11:49 Double-Bit Axe
13:26 Gold Mining
20:49 Atonement
25:16 Sanctity
25:35 Fervor
25:46 Redemption
25:54 Bow Saw
29:54 Imperial Age
29:00 Gold Shaft Mining
29:15 Fervor
31:08 Block Printing
31:19 Illumination
31:11 Fervor
33:57 Fletching
35:15 Wheelbarrow
36:37 Bodkin Arrow
37:35 Theocracy
37:57 Bracer
39:16 Padded Archer Armor
39:21 Horse Collar
39:59 Scale Mail Armor
39:35 Elite Composite Bowman
40:18 Crossbowman
40:36 Elite Skirmisher
42:33 Chemistry
41:53 Ballistics
41:20 Arbalester
42:49 Leather Archer Armor
43:37 Conscription
44:43 Ring Archer Armor
45:15 Caravan
45:35 Capped Ram
46:52 Siege Ram
48:20 Heavy Plow
49:20 Coinage
50:53 Hand Cart
50:23 Town Watch
51:43 Onager
54:29 Hoardings
54:11 Masonry
54:59 Fortified Wall
57:12 Pikeman
57:52 Squires
58:08 Chain Mail Armor
58:03 Forging
57:19 Man-at-Arms
57:44 Gambesons
59:21 Plate Mail Armor
59:14 Long Swordsman
60:05 Fereters
60:09 Two-Handed Swordsman
62:10 Iron Casting
61:03 Champion
64:05 Blast Furnace
67:06 Bombard Tower
68:00 Banking
72:35 Scale Barding Armor
老天鵝
11:40 Feudal Age
15:21 Castle Age
13:34 Horse Collar
13:43 Double-Bit Axe
13:51 Gold Mining
14:24 Double-Bit Axe
16:22 Bow Saw
21:07 Bloodlines
22:53 Loom
29:06 Imperial Age
28:46 Sanctity
28:42 Redemption
30:24 Block Printing
31:37 Theocracy
32:38 Inquisition
37:07 Illumination
41:22 Husbandry
48:18 Fletching
48:30 Caravan
48:12 Elite Skirmisher
49:14 Bodkin Arrow
50:20 Ballistics
50:06 Bracer
52:11 Chemistry
53:30 Padded Archer Armor
54:51 Leather Archer Armor
56:50 Ring Archer Armor
67:15 Thumb Ring
67:48 Heavy Cavalry Archer
75:27 Wheelbarrow
Connection lost

Rejoining the realm…

Still unreachable

The connection could not be restored.

Session expired

The server has moved on; the page needs a fresh start.